 Dungeon Sprint DCSS version 0.21-a0-364-gbd1fde4 (webtiles) character file.

6727 Kidiri the Basher (level 10, -9/166 HPs)
             Began as a Troll Hunter on Oct 14, 2017.
             Was the Champion of Trog.
             Mangled by a sun demon (21 damage)
             ... summoned by an orc high priest
             ... in the Dungeon (Sprint IX: "|||||||||||||||||||||||||||||").
             The game lasted 00:08:43 (1261 turns).

Kidiri the Basher (Troll Hunter)                    Turns: 1261, Time: 00:08:44

Health: -9/166     AC: 11    Str: 31    XL:     10   Next: 74%
Magic:  3/3        EV: 15    Int:  7    God:    Trog [******]
Gold:   21         SH:  0    Dex: 12    Spells: 9/9 levels left

rFire    . . .     SeeInvis .   a - +5 giant club (antimagic)
rCold    . . .     Gourm    +   (shield currently unavailable)
rNeg     . . .     Faith    .   b - +0 robe
rPois    .         Spirit   .   (helmet restricted)
rElec    .         Reflect  .   n - +0 cloak
rCorr    .         Harm     .   (gloves unavailable)
MR       .....     NoTele   +   (boots unavailable)
Stlth    ..........             (no amulet)
HPRegen  0.77/turn              o - +3 ring of strength
MPRegen  0.08/turn              p - +2 ring of protection

@: berserking, very quick
A: unfitting armour, claws 3, slimy green scales 1, fast metabolism 3, gourmand,
mutation resistance 1, regeneration 1, shaggy fur 1, tough skin 2
a: Berserk, Trog's Hand, Brothers in Arms, Burn Spellbooks, Renounce Religion


You were in the Dungeon.
You worshipped Trog.
Trog was exalted by your worship.
You were very full.

You visited 1 branch You collected 21 gold pieces.

Inventory:

Hand Weapons
 a - a +5 antimagic giant club (weapon)
Missiles
 c - 10 large rocks
 q - 2 throwing nets (quivered)
Armour
 b - a +0 robe (worn)
 n - a +0 cloak (worn)
Jewellery
 o - a +3 ring of strength (left claw)
 p - a +2 ring of protection (right claw)
Wands
 j - a wand of lightning (7/15)
 u - a wand of lightning (7/15)
Scrolls
 d - 5 scrolls of remove curse
 k - 3 scrolls of blinking
 s - a scroll of recharging
 t - a scroll of identify
 x - a scroll of immolation
Potions
 e - 6 potions of curing
 g - 5 potions of heal wounds
 h - 2 potions of haste
 i - 4 potions of magic
 l - a potion of berserk rage
 r - a potion of invisibility
Comestibles
 f - 15 bread rations
 z - 40 fruits
 A - 12 meat rations


   Skills:
 * Level 10.6 Fighting
 * Level 11.1 Maces & Flails
 + Level 9.1 Throwing
 * Level 10.5 Armour
 * Level 10.6 Dodging
 - Level 0.3 Stealth


You had 9 spell levels left.
You didn't know any spells.

Dungeon Overview and Level Annotations

Branches:
Dungeon (1/1)

Altars:
Cheibriados
Dithmenos
Elyvilon
Fedhas
Gozag
Hepliaklqana
Kikubaaqudgha
Makhleb
Nemelex Xobeh
Okawaru
Qazlal
Ru
Sif Muna
Trog
Uskayaw
Vehumet
Wu Jian
Xom
Yredelemnul
Zin
The Shining One
Beogh
Jiyva
Lugonu


Innate Abilities, Weirdness & Mutations

You are too large for most types of armour.
You have claws for hands.
Your metabolism is lightning-fast.
You like to eat raw meat.
Your natural rate of healing is unusually fast.
You are covered in fur. (AC +1)
You have very tough skin. (AC +2)
You are partially covered in slimy green scales. (AC +2)
You are somewhat resistant to further mutation.


Message History

You are engulfed in flames!!
The orc priest calls down the wrath of Beogh upon you.
Beogh smites you!
The orc wizard mumbles some strange words.
The orc wizard seems to speed up.
You barely miss the orc high priest.
The orc high priest is heavily wounded.
The sun demon hits you!!
* * * LOW HITPOINT WARNING * * *
You are engulfed in flames!!
* * * LOW HITPOINT WARNING * * *
The orc high priest hits you with a long sword.
* * * LOW HITPOINT WARNING * * *
The orc priest invokes the aid of Beogh against you.
Beogh smites you!
* * * LOW HITPOINT WARNING * * *
You miss the orc high priest.
The orc high priest is heavily wounded.
The sun demon hits you!!
You die...

▓.▓.▓'▓.▓.▓
▓.▓.▓.▓.▓.▓
▓.▓.▓.▓.▓.▓
▓.▓.▓.▓.▓'▓
▓.▓.▓.▓.▓.▓
▓.▓÷▓.▓.▓.▓
▓)▓.▓.▓.▓.▓
▓3▓.▓.▓.▓.▓
▓@▓.▓.▓.▓.▓
▓o▓.▓.▓.▓'▓
▓o▓.▓.▓.▓_▓
▓4▓.▓.▓.▓_▓
▓o▓.▓.▓.▓_▓
▓o▓.▓.▓.▓_▓
▓o▓.▓'▓.▓_▓
▓o▓.▓.▓.▓_▓
▓.▓.▓.▓_▓


You could see an orc knight, an orc high priest, a sun demon, a hellwing, an orc
warrior, an orc priest and 2 orc wizards.

Vanquished Creatures
  A hydra (D)
  Harold (D)
  A centaur warrior (D)
  2 black mambas (D)
  A gargoyle (D)
  2 spiny frogs (D)
  A troll (D)
  A blink frog (D)
  3 hippogriffs (D)
  3 yaks (D)
  3 wargs (D)
  A hell hound (D)
  A water moccasin (D)
  An orc warrior (D)
  2 sky beasts (D)
  4 wolves (D)
  2 crocodiles (D)
  4 bullfrogs (D)
  3 orc wizards (D)
  A hound (D)
  2 iguanas (D)
  A worker ant (D)
  An adder (D)
  An adder skeleton (D)
  4 orcs (D)
  A bat skeleton (D)
  2 goblins (D)
  A hobgoblin (D)
  A quokka (D)
  A bat (D)
  A frilled lizard (D)
  A jackal zombie (D)
  A leopard gecko zombie (D)
56 creatures vanquished.

Notes
Turn   | Place    | Note
-------+----------+-------------------------------------------
     0 | D        | Kidiri the Troll Hunter began the quest for the Orb.
     0 | D        | Reached XP level 1. HP: 19/19 MP: 0/0
     9 | D        | Reached skill level 1 in Armour
    38 | D        | Noticed a sky beast
    38 | D        | Noticed a hound
    38 | D        | Noticed an iguana
    56 | D        | Killed a sky beast
    56 | D        | Reached skill level 3 in Maces & Flails
    56 | D        | Reached XP level 2. HP: 32/32 MP: 1/1
    56 | D        | Reached XP level 3. HP: 39/39 MP: 2/2
    56 | D        | Reached XP level 4. HP: 48/48 MP: 3/3
    83 | D        | Reached skill level 4 in Maces & Flails
    83 | D        | Reached XP level 5. HP: 9/55 MP: 4/4
    90 | D        | Gained mutation: You are partially covered in slimy green scales. (AC +2) [mutagenic meat]
    91 | D        | Gained mutation: You are somewhat resistant to further mutation. [mutagenic meat]
   120 | D        | Found a roughly hewn altar of Beogh.
   120 | D        | Found a snail-covered altar of Cheibriados.
   120 | D        | Found a shadowy altar of Dithmenos.
   120 | D        | Found a white marble altar of Elyvilon.
   120 | D        | Found a blossoming altar of Fedhas.
   120 | D        | Found an opulent altar of Gozag.
   121 | D        | Found a hazy altar of Hepliaklqana.
   122 | D        | Found a viscous altar of Jiyva.
   123 | D        | Found an ancient bone altar of Kikubaaqudgha.
   124 | D        | Found a corrupted altar of Lugonu.
   125 | D        | Found a burning altar of Makhleb.
   126 | D        | Found a sparkling altar of Nemelex Xobeh.
   127 | D        | Found an iron altar of Okawaru.
   128 | D        | Found a stormy altar of Qazlal.
   129 | D        | Found a sacrificial altar of Ru.
   130 | D        | Found a deep blue altar of Sif Muna.
   131 | D        | Found a bloodstained altar of Trog.
   132 | D        | Found a hide-covered altar of Uskayaw.
   133 | D        | Found a radiant altar of Vehumet.
   134 | D        | Found an ornate altar of the Wu Jian Council.
   135 | D        | Found a shimmering altar of Xom.
   136 | D        | Found a basalt altar of Yredelemnul.
   137 | D        | Found a glowing silver altar of Zin.
   138 | D        | Found a glowing golden altar of the Shining One.
   141 | D        | Became a worshipper of Trog the Wrathful
   183 | D        | Got the +2 scimitar of Egomania {holy, rElec Str+2}
   292 | D        | Noticed a yak
   292 | D        | Noticed a troll
   303 | D        | Killed a yak
   303 | D        | Reached skill level 5 in Fighting
   303 | D        | Reached skill level 5 in Maces & Flails
   303 | D        | Reached skill level 5 in Throwing
   303 | D        | Reached skill level 5 in Armour
   303 | D        | Reached skill level 5 in Dodging
   303 | D        | Reached XP level 6. HP: 57/66 MP: 5/5
   304 | D        | Reached * piety under Trog
   309 | D        | Killed a troll
   309 | D        | Reached skill level 6 in Maces & Flails
   309 | D        | Reached XP level 7. HP: 69/75 MP: 6/6
   310 | D        | Reached ** piety under Trog
   322 | D        | Noticed a gargoyle
   322 | D        | Noticed a centaur warrior
   336 | D        | Killed a gargoyle
   336 | D        | Reached skill level 7 in Maces & Flails
   344 | D        | Killed a centaur warrior
   344 | D        | Reached skill level 8 in Maces & Flails
   344 | D        | Reached XP level 8. HP: 88/88 MP: 7/7
   362 | D        | Reached *** piety under Trog
   679 | D        | Noticed a black mamba
   679 | D        | Noticed a hippogriff
   679 | D        | Noticed a hippogriff
   680 | D        | Noticed a spiny frog
   682 | D        | Noticed a seven-headed hydra
   685 | D        | Killed a black mamba
   685 | D        | Reached XP level 9. HP: 93/96 MP: 8/8
   697 | D        | Reached **** piety under Trog
   697 | D        | Received a gift from Trog
   697 | D        | Reached skill level 9 in Maces & Flails
   701 | D        | Killed a seven-headed hydra
   710 | D        | Killed a spiny frog
   726 | D        | Reached ***** piety under Trog
   754 | D        | Noticed a black mamba
   757 | D        | Reached skill level 10 in Maces & Flails
   759 | D        | Reached XP level 10. HP: 87/107 MP: 9/9
   763 | D        | Noticed a spiny frog
   775 | D        | Killed a black mamba
   775 | D        | Received a gift from Trog
   785 | D        | Reached skill level 10 in Fighting
   785 | D        | Reached skill level 10 in Dodging
   788 | D        | Killed a spiny frog
   877 | D        | Reached skill level 10 in Armour
   886 | D        | Received a gift from Trog
   903 | D        | Received a gift from Trog
   908 | D        | Reached ****** piety under Trog
  1168 | D        | Noticed Harold
  1183 | D        | Killed Harold
  1183 | D        | Received a gift from Trog
  1183 | D        | Reached skill level 11 in Maces & Flails
  1235 | D        | Noticed an orc high priest
  1243 | D        | Noticed a rust devil
  1250 | D        | Received a gift from Trog
  1251 | D        | Noticed an orc knight
  1256 | D        | Noticed a sun demon
  1261 | D        | Mangled by a sun demon

Vault maps used:
D:        linesprint

Skill      XL: |  1  2  3  4  5  6  7  8  9 10 |
---------------+-------------------------------+-----
Fighting       | 3 4 5 6 7 8 9 10 | 10.6
Armour         | 3 5 7 8 9 10 | 10.5
Dodging        | 3 4 5 6 7 8 9 10 | 10.6
Maces & Flails | 3 4 5 6 8 10 11 | 11.1
Throwing       | 4 5 7 8 9 |  9.1
Stealth        | |  0.3

Action                   |  1- 3 |  4- 6 |  7- 9 | 10-12 || total
-------------------------+-------+-------+-------+-------++-------
Melee: Unarmed           |    28 |    19 |       |       ||    47
       Dire flail        |       |    15 |    75 |    28 ||   118
       Giant club        |       |       |       |    58 ||    58
Throw: Throwing net      |       |     2 |     1 |     1 ||     4
       Large rock        |       |     2 |    15 |     1 ||    18
Invok: Trog's Hand       |       |       |     4 |     4 ||     8
       Berserk           |       |       |     2 |     3 ||     5
  Use: Potion            |     1 |     1 |       |     1 ||     3
  Eat: Chunk             |       |     6 |    13 |     7 ||    26
Armor: Robe              |     9 |    12 |    41 |    15 ||    77
Dodge: Dodged            |     5 |    18 |    63 |    54 ||   140

Table legend:
 A = Spawn XP
 B = Non-spawn XP
 C = Spawn XP percentage of total XP
 D = Spawn monster count
 E = Non-spawn monster count
 F = Spawn count percentage of total count
 G = Total turns spent on level
                    A         B        C        D         E        F      G
               +---------+---------+-------+---------+---------+-------+---------
         Total |       0 |    9610 |   0.0 |       0 |      56 |   0.0 |  1261
               +---------+---------+-------+---------+---------+-------+---------
             D |       0 |    9610 |   0.0 |       0 |      56 |   0.0 |  1261
               +---------+---------+-------+---------+---------+-------+---------
